 Dungeon Crawl Stone Soup version 0.31-a0-851-g7ff8af7976 (webtiles) character file.

Game seed: 11724209711240871188

206053 tinfoiltophat the Cardsharp (level 19, 0/130 HPs)
             Began as a Djinni Fire Elementalist on Oct 6, 2023.
             Was a High Priest of Nemelex Xobeh.
             Constricted to death by Jorgrun (16 damage)
             ... on level 1 of the Shoals on Oct 7, 2023.
             The game lasted 02:24:40 (36116 turns).

tinfoiltophat the Cardsharp (DjFE)                 Turns: 36116, Time: 02:24:40

Health: 0/130      AC: 11    Str:  7    XL:     19   Next: 41%
Gold:   2691       EV:  2    Int: 27    God:    Nemelex Xobeh [*****.] SH: 31 Dex: 16

rFire   + + .        I - staff of death
rCold   . . .        H - +18 shield of the Gong {Loud rN+ Will+ rCorr EV-5}
rNeg    + + .        R - +3 troll leather armour
rPois   ∞            J - +2 helmet {SInv}
rElec   .            c - +1 cloak
rCorr   +            (no gloves)
SInv    +            (boots unavailable)
Will    ++...        (no amulet)
Stlth   +            a - ring of protection from cold
HPRegen 1.21/turn    x - +6 ring of intelligence
MPRegen 0.00/turn

%: random rage (3%), infuse magic (-1 HP)
@: lit by a corona, death channelling (expiring), grasped by roots, flying,
glowing, constricted
A: sickness immunity, fire resistance 2, cold vulnerability 1, float, innate
caster, HP casting, extra vitality 1, berserk 1, deformed body, dopey 1, frail 1
}: 1/15 runes: slimy
a: Renounce Religion, Draw Escape, Draw Destruction, Draw Summoning, Draw Stack,
Triple Draw, Deal Four, Stack Five


You were on level 1 of the Shoals.
You worshipped Nemelex Xobeh.
Nemelex Xobeh was extremely pleased with you.
You visited 8 branches of the dungeon, and saw 31 of its levels.
You also visited: Sewer, Ossuary and Bailey.

You collected 2719 gold pieces.
You spent 28 gold pieces at shops.

Inventory:

Hand Weapons
 O - the +5 spear "Avoomp" {antimagic, +Blink Stlth+}
   (You took it off an orc on level 12 of the Dungeon)

   +Blink:    It lets you blink.
   Stlth+:    It makes you more stealthy.
Armour
 c - a +1 cloak (worn)
 p - a +2 robe of cold resistance
 C - +0 acid dragon scales
 H - the +18 shield of the Gong (worn) {Loud rN+ Will+ rCorr EV-5}
   (You acquired it on level 9 of the Dungeon)

   Loud:      It is deafeningly noisy when blocking attacks.
   EV-5:      It affects your evasion (-5).
   rN+:       It protects you from negative energy.
   Will+:     It increases your willpower.
   rCorr:     It protects you from acid and corrosion.
 J - a +2 helmet of see invisible (worn)
 N - +1 steam dragon scales
 R - a +3 troll leather armour (worn)
Magical Staves
 I - a staff of death (weapon)
Jewellery
 a - a ring of protection from cold (left hand)
 b - the ring of Nalech {AC+4 Str+4}
   (You found it on level 5 of the Pits of Slime)

   [ring of protection]

   AC+4:      It affects your AC (+4).
   Str+4:     It affects your strength (+4).
 g - the ring of Kijan {+Blink rC- rN+ AC+4 Dex+2}
   (You found it on level 2 of the Elven Halls)

   [ring of protection]

   AC+4:      It affects your AC (+4).
   Dex+2:     It affects your dexterity (+2).
   rC-:       It makes you vulnerable to cold.
   rN+:       It protects you from negative energy.
   +Blink:    It lets you blink.
 n - a +6 ring of strength
 s - the ring "Koakhleef" {rPois rN+ Int+2}
   (You found it on level 5 of the Pits of Slime)

   [ring of positive energy]

   Int+2:     It affects your intelligence (+2).
   rPois:     It protects you from poison rN+: It protects you from negative
   energy.
 x - a +6 ring of intelligence (right hand)
 K - a ring of positive energy
 P - the ring "Otrav" {rN+ rCorr}
   (You found it on level 5 of the Pits of Slime)

   [ring of resist corrosion]

   rN+:       It protects you from negative energy.
   rCorr:     It protects you from acid and corrosion.
 W - a +4 ring of slaying
Wands
 t - a wand of mindburst (24)
 y - a wand of roots (23)
 A - a wand of charming (27)
 L - a wand of acid (17)
 Q - a wand of flame (51)
 S - a wand of digging (4)
 Y - a wand of polymorph (8)
Scrolls
 h - 4 scrolls of amnesia
 j - 6 scrolls of noise
 k - 6 scrolls of revelation
 m - 3 scrolls of immolation
 q - 7 scrolls of teleportation
 r - 8 scrolls of fog
 u - 2 scrolls of fear {unknown}
 w - a scroll of blinking
 D - 3 scrolls of vulnerability {unknown}
 G - 2 scrolls of butterflies {unknown}
 M - 2 scrolls of torment {unknown}
 U - 3 scrolls of poison {unknown}
 X - 2 scrolls of brand weapon {unknown}
 Z - 2 scrolls of enchant weapon {unknown}
Potions
 d - 4 potions of might
 e - 5 potions of curing
 f - 3 potions of heal wounds
 i - a potion of ambrosia {unknown}
 l - a potion of resistance
 o - 5 potions of mutation
 v - a potion of cancellation {unknown}
 z - a potion of invisibility
 B - a potion of magic {unknown}
 E - 3 potions of haste
 F - 2 potions of attraction
 T - 4 potions of brilliance
 V - a potion of enlightenment


   Skills:
 * Level 15.7 Fighting
 + Level 7.1 Armour
 - Level 2.1 Dodging
 - Level 1.5 Stealth
 + Level 12.5 Shields
 * Level 14.4 Spellcasting
 * Level 14.4 Conjurations
 * Level 14.4 Hexes
 * Level 14.4 Summonings
 * Level 14.4 Necromancy
 * Level 14.4 Translocations
 * Level 14.4 Transmutations
 * Level 14.4 Fire Magic
 * Level 14.4 Ice Magic
 * Level 14.4 Air Magic
 * Level 14.4 Earth Magic
 * Level 14.4 Poison Magic
 + Level 18.6 Invocations


You knew the following spells:

 Your Spells              Type           Power      Damage    Failure   Level
a - Foxfire               Conj/Fire      100%       2x1d9     1%          1
b - Scorch                Fire           100%       2d9       1%          2
c - Volatile Blastmotes   Fire/Tloc      100%       2d18      1%          3
d - Inner Flame           Hex/Fire       78%        N/A       1%          3
e - Flame Wave            Conj/Fire      78%        2d17      1%          4
f - Summon Small Mammal   Summ           100%       N/A       1%          1
g - Searing Ray           Conj           100%       2d8       1%          2
h - Gell's Gravitas       Tloc           78%        N/A       1%          3
i - Ozocubu's Armour      Ice            78%        N/A       1%          3
j - Animate Dead          Necr           98%        N/A       1%          4
k - Silence               Hex/Air        39%        N/A       1%          5
l - Death Channel         Necr           49%        N/A       4%          6
m - Bombard               Conj/Erth      39%        9d7       4%          6
n - Haunt                 Necr/Summ      49%        N/A       28%         7
Your spell library was empty.

Dungeon Overview and Level Annotations

Branches:
Dungeon (14/15)            Temple (1/1) D:7            Lair (5/5) D:11
 Shoals (1/4) Lair:2        Snake (1/4) Lair:3        Slime (5/5) Lair:4
    Orc (2/2) D:11            Elf (2/3) Orc:2        Vaults (0/5) D:13
  Sewer (visited)         Ossuary (visited)          Bailey (visited)

Altars:
Ashenzari
Cheibriados
Dithmenos
Elyvilon
Fedhas
Gozag
Hepliaklqana
Makhleb
Nemelex Xobeh
Okawaru
Qazlal
Ru
Trog
Uskayaw
Wu Jian
Xom
Yredelemnul
Zin
The Shining One
Jiyva

Shops:
D:3 !   D:5 ?   D:8 (=:(   D:9 ((   D:10 (   Orc:2 *(=(

Annotations:
Shoals:1 Jorgrun


Innate Abilities, Weirdness & Mutations

You are immune to sickness and miasma.
You are immune to poison.
Your flesh is very heat resistant. (rF++)
You are vulnerable to cold. (rC-)
You float through the air rather than walking.
You learn spells naturally, not from books.
Your magical power is your life essence.
You have superior vitality. (+4 MHP)
You sometimes lose your temper in combat.
Armour fits poorly on your strangely shaped body.
You are dopey. (Int -2)
You are frail. (-10% HP)


Message History

Your spectral merfolk hits the faun!
Your merfolk zombie hits the faun.
The water nymph gestures at you while chanting.
The water rises up and strikes you!
* * * LOW HITPOINT WARNING * * *
You swap places.
Your merfolk zombie hits the faun.
The faun dies!
The dead are walking!
A glowing mist starts to gather...
The merfolk siren chants a haunting song.
You resist with almost no effort.
You swap places.
The merfolk siren chants a haunting song.
You resist with almost no effort.
Your spectral merfolk hits the water nymph!
Casting: Flame Wave (safe; 1% risk of failure)
Confirm with . or Enter, or press ? or * to list all spells.
Okay, then.
Casting: Flame Wave (safe; 1% risk of failure)
Confirm with . or Enter, or press ? or * to list all spells.
Aiming: Inner Flame (safe; 1% risk of failure)
Press: ? - help, Dir - move target, f - water nymph
Aim: a water nymph (moderately wounded, ally target, chance to affect: 52%)
Okay, then.
Your reaping aura expires.
Jorgrun casts a spell at you.
Roots burst forth from the earth!
The grasping roots grab you! The grasping roots constrict you!
* * * LOW HITPOINT WARNING * * *
The merfolk siren chants a haunting song.
You resist with almost no effort.
Your spectral merfolk hits the water nymph.
Your spectral water nymph hits the water nymph.
The water nymph barely misses your spectral merfolk.
Your spectral merfolk hits the water nymph!
Your merfolk zombie hits Jorgrun!
You feel better.
Jorgrun hits your merfolk zombie with a +0 heavy quarterstaff!!
The grasping roots constrict you!
You die...
Your body disappears without additional glow.

≈≈~~.~~~~...~~~
~≈≈≈≈~~~~~~~~~~~~~≈≈
~~≈≈≈≈≈~~~~.~~~~~~≈≈
≈~~~≈≈≈~~.~~~~~~~~~~≈
~~~~m≈≈≈~~gZZZ..~~~~~~
~~~~~~~≈~~ZZZZ....~~~~~
~~~~~~~≈~~Z.Z.Z..)~~~~~
~~~~~~~~~.ZZ@.Z....~~~.
~~~~~~≈~~.~.Z.ZZ...~~~.
~~~~~≈≈~~~~~))....~~~~~
≈≈≈≈≈≈≈≈~~~~~)~~~~~~~~~
≈≈≈≈≈≈≈≈≈~~~~)~Z~~~~~~≈
≈≈≈≈≈≈≈≈≈≈~~~)ZZZ~~~~~≈
≈≈≈≈≈≈≈≈≈≈≈≈≈~~mZ~~~≈≈≈
≈≈≈≈≈≈≈≈≈≈≈≈≈≈≈≈≈≈≈≈≈≈≈
≈≈≈≈≈≈≈≈≈≈≈≈≈≈≈≈≈≈≈≈≈≈≈


You could see Jorgrun (ally target), a merfolk siren, a water nymph (distracted,
ally target), a friendly spectral sea snake, 6 friendly spectral merfolk, 2
friendly spectral fauns, a friendly spectral water nymph, a friendly sea snake
zombie, 7 friendly merfolk zombies, 2 friendly faun zombies and a friendly water
nymph zombie.

Vanquished Creatures
  the Royal Jelly (Slime:5)
  6 acid blobs
  6 azure jellies
  A jelly zombie (Slime:5)
  A deep elf elementalist (Elf:1)
  A formless jellyfish (Slime:2)
  The ghost of croobank the Basher, a journeyman GnSh of Gozag (Lair:5)
  5 quicksilver oozes
  Harold (D:11)
  A hydra (Lair:4)
  3 catoblepae
  4 ogre magi (Orc:2)
  2 boulder beetles
  3 anacondas (Snake:1)
  15 dancing weapons
  6 centaur warriors
  17 two-headed ogres
  5 orc high priests
  4 death yaks
  A naga warrior (Snake:1)
  2 naga sharpshooters (Snake:1)
  2 spectral death yaks (Lair:5)
  10 deep elf knights
  A skyshark (Lair:4)
  A skyshark (shapeshifter) (D:13)
  A skeletal warrior (D:14)
  A sea snake (Shoals:1)
  An orc knight (Orc:2)
  A spectral hydra (Lair:5)
  A phantasmal warrior (D:13)
  Pikel (D:4)
  6 deep elf archers
  A wizard (D:13)
  17 deep elf pyromancers
  15 deep elf zephyrmancers
  5 orc sorcerers
  An oklob plant (D:11)
  9 cyclopes
  A salamander (Snake:1)
  3 ugly things
  3 mana vipers (Snake:1)
  2 fauns (Shoals:1)
  4 manticores
  A shining eye (Slime:4)
  2 guardian serpents (Snake:1)
  An elephant (shapeshifter) (Elf:1)
  14 black mambas
  3 naga magi (Snake:1)
  An eye of devastation (Slime:5)
  Maggie (D:10)
  5 cane toads
  An unseen horror (D:13)
  A kobold demonologist (D:11)
  14 komodo dragons
  2 tengu conjurers (D:13)
  2 mana viper zombies (Snake:1)
  A meliai (D:14)
  11 trolls
  A hornet (D:6)
  3 merfolk (Shoals:1)
  A wind drake (Bailey)
  5 blink frogs (Lair:2)
  A snapping turtle (shapeshifter) (D:13)
  9 dream sheep
  44 slime creatures
  2 water elementals
  Sigmund (D:6)
  A vampire (D:13)
  A shadow (D:12)
  2 wyverns
  2 black mamba zombies (Snake:1)
  43 yaks
  Eustachio (D:4)
  A fire elemental (Elf:1)
  The ghost of Schnaeble the Cudgeller, an amateur MiFi (D:3)
  An elf zombie (Elf:2)
  2 golden eyes (Slime:4)
  5 wraiths
  2 basilisks
  A catoblepas simulacrum (Lair:5)
  7 slime creature zombies
  A steam dragon (D:7)
  15 vampire mosquitoes
  8 nagas
  3 wargs
  3 acid dragons
  A hydra simulacrum (Lair:5)
  14 water moccasins
  A faun zombie (Shoals:1)
  27 orc warriors
  5 ice beasts
  A black bear (D:7)
  A meliai simulacrum (D:14)
  A black bear (shapeshifter) (D:14)
  26 ogres
  A blink frog zombie (Lair:2)
  4 wolves (Lair:2)
  A boggart (D:14)
  2 phantoms (D:4)
  9 centaurs
  2 kobold brigands
  2 lemures (D:4)
  Blork the orc (D:4)
  12 bullfrogs
  3 gnoll sergeants
  3 earth elementals
  3 scorpions
  2 elf skeletons (D:8)
  9 wights
  3 yak zombies (Lair:5)
  7 howler monkeys
  An electric eel (Orc:2)
  5 hounds
  3 jellies
  10 orc priests
  4 gnoll boudas (D:11)
  3 iguanas
  Jessica (D:3)
  2 human skeletons (D:8)
  17 orc wizards
  A naga zombie (Snake:1)
  A mummy (Ossuary)
  15 gnolls
  A howler monkey zombie (D:14)
  11 adders
  3 shadow imps
  2 white imps
  4 dart slugs
  2 worms
  67 orcs
  10 ball pythons
  2 bats
  7 endoplasms
  10 giant cockroaches
  5 hobgoblins
  5 jackals
  12 kobolds
  8 quokkas
  7 frilled lizards
  9 gnoll skeletons (Ossuary)
  3 goblins
  4 kobold skeletons (Ossuary)
  13 orc skeletons
  An orc zombie (D:8)
  7 rats
797 creatures vanquished.

Vanquished Creatures (collateral kills)
  18 acid blobs
  3 azure jellies (Slime:5)
  10 rockslimes
  7 quicksilver oozes
  2 formless jellyfish (Slime:2)
  4 great orbs of eyes
  An anaconda (Snake:1)
  A catoblepas (Lair:5)
  A dancing weapon (Elf:2)
  5 death yaks (Lair:5)
  3 naga warriors (Snake:1)
  A naga sharpshooter (Snake:1)
  A shock serpent (Snake:1)
  5 mana vipers (Snake:1)
  4 naga ritualists (Snake:1)
  A deep elf pyromancer (Elf:2)
  A deep elf zephyrmancer (Elf:2)
  A manticore (Lair:5)
  2 salamanders (Snake:1)
  7 shining eyes
  A faun (Shoals:1)
  A salamander (shapeshifter) (D:14)
  2 guardian serpents (Snake:1)
  5 black mambas (Snake:1)
  A naga mage (Snake:1)
  A water nymph (Shoals:1)
  2 polar bears
  4 merfolk (Shoals:1)
  A spectral dream sheep (Lair:5)
  2 dream sheep (Lair:4)
  32 slime creatures
  2 yaks
  3 golden eyes (Slime:1)
  8 nagas (Snake:1)
  A water moccasin (Lair:4)
  A floating eye (Slime:3)
  A bullfrog (Lair:4)
  A foxfire (Lair:4)
147 creatures vanquished.

Vanquished Creatures (others)
  7 acid blob zombies
  A merfolk avatar (Shoals:1)
  2 azure jelly zombies (Slime:5)
  5 quicksilver ooze zombies
  2 anaconda zombies (Snake:1)
  A centaur zombie (D:14)
  5 death yak zombies (Lair:5)
  2 great orb of eyes zombies
  A guardian serpent zombie (Snake:1)
  3 black mamba zombies (Snake:1)
  A water elemental (Elf:1)
  22 slime creature zombies
  6 elf zombies (Elf:2)
  3 manticore zombies
  7 yak zombies (Lair:5)
  9 naga zombies (Snake:1)
  A boggart zombie (D:14)
  1074 foxfires
1152 creatures vanquished.

Grand Total: 2096 creatures vanquished

Notes
Turn   | Place    | Note
-------+----------+-------------------------------------------
     0 | D:1      | tinfoiltophat the Djinni Fire Elementalist began the quest
                  | for the Orb.
     0 | D:1      | tinfoiltophat set off with the following spells memorised:
                  | Foxfire, Scorch, Volatile Blastmotes, Inner Flame, Flame
                  | Wave.
     0 | D:1      | Reached XP level 1. HP: 15/15 MP: 0/0
   225 | D:1      | Reached XP level 2. HP: 18/22 MP: 0/0
   625 | D:1      | Reached skill level 1 in Fighting
   935 | D:2      | Reached XP level 3. HP: 22/27 MP: 0/0
   935 | D:2      | Learned a level 1 spell: Summon Small Mammal
  1766 | D:2      | Reached XP level 4. HP: 27/32 MP: 0/0
  1990 | D:3      | Identified the +2 leather armour of the Lute {Str+5}
  2134 | D:3      | Found an opulent altar of Gozag.
  2147 | D:3      | Found a runed translucent door.
  2147 | D:3      | Noticed Schnaeble's ghost (amateur MiFi)
  2273 | D:3      | Found Fimp's Distillery.
  2330 | D:3      | Found a glowing drain.
  2337 | Sewer    | Entered a sewer
  2605 | Sewer    | Reached XP level 5. HP: 35/38 MP: 0/0
  2605 | Sewer    | Learned a level 2 spell: Searing Ray
  2753 | Sewer    | Noticed a bullfrog
  2756 | Sewer    | Killed a bullfrog
  2757 | Sewer    | Noticed a bullfrog
  2760 | Sewer    | Killed a bullfrog
  2761 | Sewer    | Reached XP level 6. HP: 40/46 MP: 0/0
  2955 | D:3      | Found a faded altar of an unknown god.
  2987 | D:3      | Found a sparkling altar of Nemelex Xobeh.
  3029 | D:3      | Prayed at the altar of an unknown god.
  3029 | D:3      | Became a worshipper of Nemelex Xobeh the Trickster
  3029 | D:3      | Reached * piety under Nemelex Xobeh
  3071 | D:3      | Noticed Jessica
  3076 | D:3      | Killed Jessica
  3387 | D:3      | Received a gift from Nemelex Xobeh
  3476 | D:3      | Killed Schnaeble's ghost
  3477 | D:3      | Reached skill level 5 in Spellcasting
  3477 | D:3      | Reached skill level 5 in Conjurations
  3477 | D:3      | Reached skill level 5 in Hexes
  3477 | D:3      | Reached skill level 5 in Summonings
  3477 | D:3      | Reached skill level 5 in Necromancy
  3477 | D:3      | Reached skill level 5 in Translocations
  3477 | D:3      | Reached skill level 5 in Transmutations
  3477 | D:3      | Reached skill level 5 in Fire Magic
  3477 | D:3      | Reached skill level 5 in Ice Magic
  3477 | D:3      | Reached skill level 5 in Air Magic
  3477 | D:3      | Reached skill level 5 in Earth Magic
  3477 | D:3      | Reached skill level 5 in Poison Magic
  3477 | D:3      | Reached skill level 1 in Invocations
  3477 | D:3      | Reached XP level 7. HP: 13/50 MP: 0/0
  3477 | D:3      | Learned a level 3 spell: Gell's Gravitas
  3641 | D:4      | Noticed Pikel
  3647 | D:4      | Reached skill level 2 in Invocations
  3651 | D:4      | Killed Pikel
  3651 | D:4      | HP: 2/50 [spore (11)]
  3652 | D:4      | Reached skill level 4 in Invocations
  3652 | D:4      | Reached XP level 8. HP: 2/58 MP: 0/0
  4037 | D:4      | Noticed Eustachio
  4042 | D:4      | Killed Eustachio
  4066 | D:4      | Noticed Blork the orc
  4071 | D:4      | Killed Blork the orc
  4072 | D:4      | Reached skill level 5 in Invocations
  4253 | D:4      | Reached XP level 9. HP: 58/64 MP: 0/0
  4253 | D:4      | Learned a level 3 spell: Ozocubu's Armour
  4507 | D:4      | Reached skill level 5 in Fighting
  4612 | D:4      | Reached ** piety under Nemelex Xobeh
  4862 | D:5      | Entered Level 5 of the Dungeon
  5032 | D:5      | Reached skill level 6 in Invocations
  5206 | D:5      | Found Zoitotef's Magic Scroll Emporium.
  5749 | D:6      | Noticed Sigmund
  5753 | D:6      | Killed Sigmund
  5811 | D:6      | Noticed a hornet
  5816 | D:6      | Killed a hornet
  5817 | D:6      | Reached skill level 7 in Invocations
  6061 | D:6      | Received a gift from Nemelex Xobeh
  6132 | D:6      | Reached XP level 10. HP: 43/72 MP: 0/0
  6377 | D:6      | Reached *** piety under Nemelex Xobeh
  6443 | D:6      | Found a snail-covered altar of Cheibriados.
  6486 | D:6      | Found a shadowy altar of Dithmenos.
  6648 | D:7      | Identified the +1 robe of Doimiz {Int+5}
  6852 | D:7      | Found a staircase to the Ecumenical Temple.
  6858 | Temple   | Entered the Ecumenical Temple
  7047 | D:7      | Received a gift from Nemelex Xobeh
  7304 | D:7      | Reached skill level 8 in Invocations
  7505 | D:8      | Found Qubruar's Book Shop.
  7762 | D:8      | Found a sand-covered staircase.
  7782 | Ossuary  | Entered an ossuary
  8386 | D:8      | Received a gift from Nemelex Xobeh
  8396 | D:8      | Found Nulao's Weapon Emporium.
  8575 | D:8      | Found Totof's Jewellery Boutique.
  8691 | D:8      | Found Hydateer's Antique Weapon Emporium.
  9109 | D:9      | Found a hide-covered altar of Uskayaw.
  9125 | D:9      | Found a flagged portal.
  9139 | Bailey   | Entered a bailey
  9139 | Bailey   | Received a gift from Nemelex Xobeh
  9143 | Bailey   | Reached **** piety under Nemelex Xobeh
  9293 | Bailey   | Reached skill level 9 in Invocations
  9759 | Bailey   | Noticed an orc knight
  9766 | Bailey   | an orc knight changed into a wind drake
  9769 | Bailey   | Reached XP level 11. HP: 37/79 MP: 0/0
  9769 | Bailey   | Learned a level 4 spell: Animate Dead
  9970 | D:9      | Found Zoigamir's Weapon Shoppe.
 10553 | D:9      | Acquired the +18 shield of the Gong {Loud rN+ Will+ rCorr
                  | EV-5}
 10553 | D:9      | Found the +18 shield of the Gong {Loud rN+ Will+ rCorr
                  | EV-5}
 10580 | D:9      | Reached skill level 10 in Invocations
 10692 | D:9      | Found Ynliut's Weapon Boutique.
 10917 | D:10     | Entered Level 10 of the Dungeon
 10925 | D:10     | Reached skill level 1 in Shields
 10985 | D:10     | Received a gift from Nemelex Xobeh
 11029 | D:10     | Noticed Maggie
 11036 | D:10     | Killed Maggie
 11935 | D:10     | Received a gift from Nemelex Xobeh
 11939 | D:10     | Found Juduann's Weapon Shoppe.
 12140 | D:11     | Reached XP level 12. HP: 67/87 MP: 0/0
 12142 | D:11     | Noticed Harold
 12295 | D:11     | Reached skill level 11 in Invocations
 12610 | D:11     | Killed Harold
 13478 | D:11     | Found a staircase to the Lair.
 13592 | D:11     | Found a staircase to the Orcish Mines.
 13830 | D:12     | Received a gift from Nemelex Xobeh
 13831 | D:12     | Reached ***** piety under Nemelex Xobeh
 14446 | D:12     | Reached skill level 12 in Invocations
 14477 | D:12     | Identified the +5 spear "Avoomp" {antimagic, +Blink Stlth+}
                  | (You took it off an orc on level 12 of the Dungeon)
 14862 | D:13     | Noticed a centaur warrior
 14865 | D:13     | Killed a centaur warrior
 14867 | D:13     | Reached skill level 5 in Shields
 15053 | D:13     | Noticed a centaur warrior
 15059 | D:13     | Killed a centaur warrior
 15060 | D:13     | Reached skill level 10 in Spellcasting
 15060 | D:13     | Reached skill level 10 in Conjurations
 15060 | D:13     | Reached skill level 10 in Hexes
 15060 | D:13     | Reached skill level 10 in Summonings
 15060 | D:13     | Reached skill level 10 in Necromancy
 15060 | D:13     | Reached skill level 10 in Translocations
 15060 | D:13     | Reached skill level 10 in Transmutations
 15060 | D:13     | Reached skill level 10 in Fire Magic
 15060 | D:13     | Reached skill level 10 in Ice Magic
 15060 | D:13     | Reached skill level 10 in Air Magic
 15060 | D:13     | Reached skill level 10 in Earth Magic
 15060 | D:13     | Reached skill level 10 in Poison Magic
 15132 | D:13     | Reached XP level 13. HP: 73/94 MP: 0/0
 15132 | D:13     | Learned a level 5 spell: Silence
 15431 | D:13     | Noticed a centaur warrior
 15434 | D:13     | Killed a centaur warrior
 15439 | D:13     | Reached skill level 13 in Invocations
 15530 | D:13     | Noticed a centaur warrior
 15537 | D:13     | Killed a centaur warrior
 15778 | D:13     | Received a gift from Nemelex Xobeh
 16254 | D:13     | Found a gate to the Vaults.
 16426 | D:14     | Noticed a great orb of eyes
 16430 | D:14     | Reached skill level 10 in Fighting
 16578 | Orc:1    | Entered Level 1 of the Orcish Mines
 16698 | Orc:2    | Entered Level 2 of the Orcish Mines
 17804 | Orc:2    | Noticed an ogre mage
 17811 | Orc:2    | Killed an ogre mage
 17868 | Orc:2    | Reached XP level 14. HP: 83/103 MP: 0/0
 17892 | Orc:2    | Reached skill level 14 in Invocations
 18260 | Orc:2    | Found Ureng's Antique Weapon Boutique.
 18260 | Orc:2    | Found Ywkuwef's Antique Weapon Shoppe.
 18260 | Orc:2    | Found Ofoemim's Jewellery Shoppe.
 18260 | Orc:2    | Found Doizol's General Store.
 18498 | Orc:2    | Received a gift from Nemelex Xobeh
 18509 | Orc:2    | Bought a scroll of identify for 28 gold pieces
 18622 | Orc:2    | Found a staircase to the Elven Halls.
 19274 | Elf:1    | Entered Level 1 of the Elven Halls
 19280 | Elf:1    | Noticed a deep elf elementalist
 19300 | Elf:1    | Killed a deep elf elementalist
 19691 | Elf:1    | Reached skill level 15 in Invocations
 19912 | Elf:1    | Reached XP level 15. HP: 100/111 MP: 0/0
 19912 | Elf:1    | Learned a level 6 spell: Death Channel
 20509 | Lair:1   | Entered Level 1 of the Lair of Beasts
 20728 | Lair:1   | Received a gift from Nemelex Xobeh
 22005 | Lair:3   | Found a staircase to the Snake Pit.
 22552 | Lair:3   | Identified the +1 leather armour of Henotheism {Dex+2}
 22576 | Lair:3   | Received a gift from Nemelex Xobeh
 22880 | Lair:3   | Received a gift from Nemelex Xobeh
 23137 | Lair:2   | Found a staircase to the Shoals.
 23671 | Lair:2   | Received a gift from Nemelex Xobeh
 23871 | Lair:2   | Received a gift from Nemelex Xobeh
 24363 | Lair:4   | Reached skill level 16 in Invocations
 24386 | Lair:4   | Reached ****** piety under Nemelex Xobeh
 24781 | Lair:4   | Found a viscous altar of Jiyva.
 24782 | Lair:4   | Found a staircase to the Slime Pits.
 24799 | Lair:4   | Received a gift from Nemelex Xobeh
 24959 | Lair:4   | Received a gift from Nemelex Xobeh
 25389 | Lair:5   | Entered Level 5 of the Lair of Beasts
 25929 | Lair:5   | Reached XP level 16. HP: 77/118 MP: 0/0
 26381 | Lair:5   | Found a runed translucent gate.
 26382 | Lair:5   | Found a runed translucent gate.
 26383 | Lair:5   | Found a runed translucent gate.
 26383 | Lair:5   | Noticed croobank's ghost (journeyman GnSh)
 26428 | Lair:5   | Received a gift from Nemelex Xobeh
 26736 | Lair:5   | Killed croobank's ghost
 27001 | Snake:1  | Entered Level 1 of the Snake Pit
 27034 | Snake:1  | Reached skill level 10 in Shields
 27354 | Snake:1  | Reached skill level 17 in Invocations
 28043 | Snake:1  | Received a gift from Nemelex Xobeh
 28700 | D:14     | Identified the +0 robe of the Sharp Trilobite {+Blink
                  | Will+}
 28701 | D:14     | Reached XP level 17. HP: 55/126 MP: 0/0
 28701 | D:14     | Learned a level 6 spell: Bombard
 29071 | D:14     | HP: 6/126 [boulder beetle (2)]
 29800 | Elf:1    | Received a gift from Nemelex Xobeh
 29964 | Elf:1    | Reached skill level 1 in Armour
 31233 | Elf:2    | Received a gift from Nemelex Xobeh
 31336 | Elf:2    | HP: 1/127 [+3 long sword of venom (23)]
 31789 | Elf:2    | Identified the ring of Kijan {+Blink rC- rN+ AC+4 Dex+2}
 32139 | Elf:2    | Found a runed translucent gate.
 32140 | Elf:2    | Found a runed translucent gate.
 32140 | Elf:2    | Found a runed translucent gate.
 32199 | Elf:2    | Noticed a deep elf blademaster
 32204 | Elf:2    | HP: 6/128 [deep elf knight/shard of ice (15)]
 32654 | Slime:1  | Entered Level 1 of the Pits of Slime
 32664 | Slime:1  | Noticed an acid blob
 32673 | Slime:1  | Killed an acid blob
 32674 | Slime:1  | Noticed an acid blob
 32679 | Slime:1  | Killed an acid blob
 32702 | Slime:1  | Reached XP level 18. HP: 94/135 MP: 0/0
 32748 | Slime:1  | Received a gift from Nemelex Xobeh
 33135 | Slime:2  | Reached skill level 18 in Invocations
 33141 | Slime:2  | Reached skill level 5 in Armour
 33415 | Slime:3  | Noticed an acid blob
 33418 | Slime:3  | Noticed an acid blob
 33424 | Slime:3  | Killed an acid blob
 33428 | Slime:3  | Noticed an acid blob
 33428 | Slime:3  | Killed an acid blob
 33430 | Slime:3  | Noticed an acid blob
 33434 | Slime:3  | Killed an acid blob
 33437 | Slime:3  | Killed an acid blob
 33439 | Slime:3  | Noticed an acid blob
 33442 | Slime:3  | Paralysed by a floating eye for 3 turns
 33448 | Slime:3  | Killed an acid blob
 33454 | Slime:3  | Noticed an acid blob
 33455 | Slime:3  | Noticed an acid blob
 33459 | Slime:3  | Killed an acid blob
 33464 | Slime:3  | Killed an acid blob
 33759 | Slime:3  | Received a gift from Nemelex Xobeh
 34242 | Slime:5  | Entered Level 5 of the Pits of Slime
 34251 | Slime:5  | Noticed an acid blob
 34259 | Slime:5  | Noticed an acid blob
 34260 | Slime:5  | Killed an acid blob
 34262 | Slime:5  | Reached skill level 15 in Fighting
 34264 | Slime:5  | Noticed the Royal Jelly
 34265 | Slime:5  | Killed an acid blob
 34267 | Slime:5  | Noticed an acid blob
 34267 | Slime:5  | Noticed an acid blob
 34268 | Slime:5  | Noticed an acid blob
 34269 | Slime:5  | Noticed an acid blob
 34269 | Slime:5  | Killed an acid blob
 34270 | Slime:5  | Noticed an acid blob
 34271 | Slime:5  | Killed an acid blob
 34272 | Slime:5  | Noticed an acid blob
 34274 | Slime:5  | Killed the Royal Jelly
 34274 | Slime:5  | Killed an acid blob
 34274 | Slime:5  | Noticed an acid blob
 34274 | Slime:5  | Noticed an acid blob
 34275 | Slime:5  | Killed an acid blob
 34276 | Slime:5  | Reached XP level 19. HP: 87/143 MP: 0/0
 34276 | Slime:5  | Learned a level 7 spell: Haunt
 34435 | Slime:5  | Identified the ring "Otrav" {rN+ rCorr}
 34447 | Slime:5  | Got a slimy rune of Zot
 34450 | Slime:5  | Identified the +2 scale mail of Ruzi {Harm Regen+ rCorr}
 34465 | Slime:5  | Your ally the Royal Jelly died
 34599 | Slime:5  | Identified the +3 orcbow of Purpose {flame, Str+3}
 34682 | Slime:5  | Identified the +6 shortbow of a bailey {drain, rCorr}
 34713 | Slime:5  | Identified the ring "Koakhleef" {rPois rN+ Int+2}
 34714 | Slime:5  | Identified the ring of Nalech {AC+4 Str+4}
 34754 | Slime:5  | Received a gift from Nemelex Xobeh
 35364 | Slime:4  | Received a gift from Nemelex Xobeh
 35365 | Slime:4  | Gained mutation: You are dopey. (Int -2) [a shining eye]
 35366 | Slime:4  | Gained mutation: You are frail. (-10% HP) [a shining eye]
 35458 | Slime:4  | Gained mutation: Armour fits poorly on your strangely
                  | shaped body. [a shining eye]
 35462 | Slime:4  | Gained mutation: You sometimes lose your temper in combat.
                  | [a shining eye]
 35472 | Slime:4  | Noticed an Ice Fiend
 36078 | Shoals:1 | Entered Level 1 of the Shoals
 36110 | Shoals:1 | Noticed Jorgrun
 36115 | Shoals:1 | HP: 4/130 [constriction (11)]
 36116 | Shoals:1 | Constricted to death by Jorgrun

Illustrated notes

Levels and vault maps discovered:
D:1:      nzn_arrival_settlement, layout_basic
D:2:      layout_basic, bh_walls_and_bars
D:3:      layout_loops_ring, lemuel_tele_altar,
          mainiacjoe_overflow_tiny_flanked, gammafunk_ghost_grave,
          gup_sewer_entry_bubbles, ebering_ecumenical_altar_rust, serial_shops,
          nicolae_shop_trees, minivault_14, uniq_jessica
D:4:      layout_cave_pods, uniq_pikel, uniq_eustachio, uniq_blork_the_orc
D:5:      layout_basic, serial_shops, shop, minmay_between
D:6:      layout_cave_pools, mainiacjoe_overflow_chevrons, lemuel_round_altar,
          grunt_tough_drop, uniq_sigmund
D:7:      layout_gridville, lemuel_blue_sif_altar, minmay_temple_entry_fiery,
          hangedman_decor_peaks_small
D:8:      layout_loops_ring, nicolae_ossuary_entry_catacombs, serial_shops,
          nicolae_shop_tiny_statue_garden, nicolae_shop_behind_doors, shop,
          nicolae_shop_tiny_glass, minmay_tree_intersection,
          kennysheep_generic_room_10
D:9:      layout_roguey, nicolae_uskayaw_suspiria, enter_bailey_2, serial_shops,
          nicolae_shop_peninsula, nicolae_shop_bloodbath_and_beyond
D:10:     layout_small_grid, serial_shops, shop, kennysheep_nub, uniq_maggie
D:11:     kennysheep_seaside_town, layout_cross, dpeg_oklobed_lair, orc_0_dummy,
          uniq_harold
D:12:     layout_irregular_city
D:13:     layout_irregular_city, david_vaults_4, serial_bayou_pond_c,
          statue_in_the_mist_lemuel, minmay_circle_x
D:14:     minmay_the_grid_square_5x5_4x4_mashed
          [minmay_the_grid_square_5x5_inner_z,
          minmay_the_grid_square_5x5_checkered, minmay_the_grid_square_5x5_meh,
          minmay_the_grid_square_5x5_spiral_small,
          minmay_the_grid_square_5x5_trominoes,
          minmay_the_grid_square_5x5_prize_waves,
          minmay_the_grid_square_5x5_prize_deathbox,
          minmay_the_grid_square_5x5_three_small,
          minmay_the_grid_square_5x5_shrine2,
          minmay_the_grid_square_5x5_prize_rear_guard,
          minmay_the_grid_square_5x5_prize_itemx,
          minmay_the_grid_square_5x5_inverted_slash,
          minmay_the_grid_square_5x5_one_wall,
          minmay_the_grid_square_5x5_shrine1, minmay_the_grid_square_5x5_plus,
          minmay_the_grid_square_5x5_checkered_sparse], layout_gridville,
          hangedman_abyss_or_decor_jellyfish_corner
Temple:   compressed_dpeg_triangle_lava_temple
Lair:1:   layout_cave_pods
Lair:2:   layout_cave_pods, minmay_shoals_entry_centaurs,
          grunt_forest_stairs_basic, nicolae_quartered_pool_impasse
Lair:3:   layout_chaotic_city, guppyfry_snake_entry_garden
Lair:4:   layout_regular_city, slime_entry_1
Lair:5:   evilmike_catoblepas_cave, layout_big_grid, gammafunk_ghost_necromancy
Shoals:1: nicolae_shoals_mermall, layout_shoals, argonaut_gorgonesque,
          uniq_jorgrun
Snake:1:  layout_grid_shapes, nrook_guardian_serpent_double
Slime:1:  layout_caves
Slime:2:  layout_caves, nicolae_slime_crime_time
Slime:3:  layout_caves, nicolae_slime_round_cave
Slime:4:  layout_caves
Slime:5:  slime_pit_nicolae_amoeboid
Orc:1:    layout_diamond_mine
Orc:2:    st_orc_ogre_mass, layout_caves, nicolae_orc_pool_cavern,
          nicolae_orc_flooded_monolith
Elf:1:    nicolae_elf_arrival_no_cutting_in_line, layout_gridlike,
          evilmike_minifort
Elf:2:    nicolae_elf_blades_crystal_corner, layout_gridlike, grunt_megastairs_3

Skill      XL: |  1  2  3  4  5  6  7  8  9 10 11 12 13 14 15 16 17 18 19 |
---------------+----------------------------------------------------------+-----
Spellcasting   | 4 5 6 7 8 9 10 11 12 13 14 | 14.4
Conjurations   | 4 5 6 7 8 9 10 11 12 13 14 | 14.4
Hexes          | 4 5 6 7 8 9 10 11 12 13 14 | 14.4
Summonings     | 4 5 6 7 8 9 10 11 12 13 14 | 14.4
Necromancy     | 4 5 6 7 8 9 10 11 12 13 14 | 14.4
Translocations | 4 5 6 7 8 9 10 11 12 13 14 | 14.4
Transmutations | 4 5 6 7 8 9 10 11 12 13 14 | 14.4
Fire Magic     | 4 5 6 7 8 9 10 11 12 13 14 | 14.4
Ice Magic      | 4 5 6 7 8 9 10 11 12 13 14 | 14.4
Air Magic      | 4 5 6 7 8 9 10 11 12 13 14 | 14.4
Earth Magic    | 4 5 6 7 8 9 10 11 12 13 14 | 14.4
Poison Magic   | 4 5 6 7 8 9 10 11 12 13 14 | 14.4
Fighting       | 1 2 3 4 6 7 8 9 10 11 12 13 14 15 | 15.7
Invocations    | 1 4 5 7 9 10 12 13 15 16 17 18 | 18.6
Shields        | 2 5 6 8 9 10 11 12 | 12.5
Armour         | 4 6 7 |  7.1
Dodging        | |  2.1
Stealth        | |  1.5

Action                     |  1- 3 |  4- 6 |  7- 9 | 10-12 | 13-15 | 16-18 | 19-21 || total
---------------------------+-------+-------+-------+-------+-------+-------+-------++-------
  Melee: Unarmed           |       |       |       |    17 |     4 |     4 |       ||    25
   Cast: Foxfire           |    75 |    62 |    42 |   129 |   191 |    97 |    27 ||   623
         Scorch            |     6 |    26 |    30 |    94 |   156 |   137 |    27 ||   476
         Searing Ray       |       |     4 |    19 |     6 |    23 |    20 |       ||    72
         Flame Wave        |       |     2 |     6 |    26 |    30 |    24 |     5 ||    93
         Inner Flame       |       |       |    21 |    84 |   161 |    30 |     4 ||   300
         Ozocubu's Armour  |       |       |     4 |    16 |    10 |    17 |     2 ||    49
         Gell's Gravitas   |       |       |       |    50 |   127 |   145 |    36 ||   358
         Summon Small Mamm |       |       |       |     3 |     4 |       |       ||     7
         Animate Dead      |       |       |       |     1 |     3 |    14 |     4 ||    22
         Silence           |       |       |       |       |     1 |       |       ||     1
         Death Channel     |       |       |       |       |     7 |    12 |     4 ||    23
         Bombard           |       |       |       |       |       |    20 |       ||    20
 Invoke: Draw Destruction  |       |       |     3 |    12 |     4 |     1 |       ||    20
         Draw Escape       |       |       |       |     2 |       |       |       ||     2
         Stack Five        |       |       |       |       |     3 |     2 |       ||     5
         Draw Stack        |       |       |       |       |     2 |     7 |       ||     9
         Deal Four         |       |       |       |       |       |     2 |     2 ||     4
    Use: Scroll            |       |       |       |    13 |     2 |    13 |     5 ||    33
         Potion            |       |       |       |       |     1 |     8 |     3 ||    12
 Armour: Robe              |     4 |     9 |    12 |     9 |       |       |       ||    34
         Leather armour    |       |     5 |    14 |       |       |       |       ||    19
         Skin              |       |       |     1 |    44 |       |       |       ||    45
         Steam dragon scal |       |       |       |    52 |   116 |    97 |       ||   265
         Troll leather arm |       |       |       |       |       |   138 |    32 ||   170
  Dodge: Dodged            |     3 |     8 |    18 |    30 |    14 |    23 |     2 ||    98
  Block: Kite shield       |       |       |       |    71 |   177 |   419 |    60 ||   727

Table legend: (Time is in decaauts)
 A = Elapsed time spent in this place.
 B = Non-inter-level travel time spent in this place.
 C = Inter-level travel time spent in this place.
 D = Time resting spent in this place.
 E = Time spent auto-exploring this place.
 F = Levels seen in this place.
 G = Mean time per level.
                   A        B        C        D        E       F      G
               +--------+--------+--------+--------+--------+-----+--------+
         Total |  36161 |  33973 |   2188 |   9097 |  17964 |  34 | 1063.6 |
       Dungeon |  16029 |  14924 |   1105 |   3397 |   9001 |  14 | 1144.9 |
        Temple |      1 |      1 |      0 |      0 |      0 |   1 |    1.0 |
          Lair |   7187 |   6646 |    541 |   1346 |   4334 |   5 | 1437.4 |
        Shoals |     37 |     37 |      0 |      0 |      0 |   1 |   37.0 |
     Snake Pit |   1291 |   1227 |     64 |    363 |    626 |   1 | 1291.0 |
    Slime Pits |   3202 |   3142 |     60 |    769 |   1374 |   5 |  640.4 |
  Orcish Mines |   3329 |   3088 |    241 |   1537 |    810 |   2 | 1664.5 |
   Elven Halls |   3237 |   3064 |    173 |   1280 |    826 |   2 | 1618.5 |
         Sewer |    550 |    550 |      0 |    112 |    256 |   1 |  550.0 |
       Ossuary |    466 |    466 |      0 |    174 |    171 |   1 |  466.0 |
        Bailey |    827 |    827 |      0 |    119 |    566 |   1 |  827.0 |
               +--------+--------+--------+--------+--------+-----+--------+

Top non-repeatable levels by time:
    D:13: 2765 daAuts
   Orc:2: 2492 daAuts
    D:10: 2007 daAuts
   Elf:1: 1842 daAuts
  Lair:2: 1624 daAuts
  Lair:5: 1573 daAuts
 Slime:5: 1549 daAuts
  Lair:1: 1510 daAuts
   Elf:2: 1394 daAuts
  Lair:3: 1353 daAuts
     D:3: 1345 daAuts
 Snake:1: 1291 daAuts
     D:2: 1209 daAuts
     D:8: 1205 daAuts
  Lair:4: 1125 daAuts
